 Dungeon Crawl Stone Soup version 0.30.0-30-g96aa6591b8 (webtiles) character file.

Game seed: 4675367585932585116

4204 AIAndy the Geomancer (level 10, 0/50 HPs)
             Began as a Gargoyle Earth Elementalist on June 28, 2023.
             Was a Believer of Qazlal.
             Slain by a skeletal warrior
             ... wielding a +0 trident
              (21 damage)
             ... on level 9 of the Dungeon.
             The game lasted 00:31:26 (8100 turns).

AIAndy the Geomancer (Gargoyle Earth Elementalist)  Turns: 8100, Time: 00:31:28

Health: 0/50       AC: 12    Str: 12    XL:     10   Next: 29%
Magic:  16/23      EV: 18    Int: 20    God:    Qazlal [**....]
Gold:   389        SH:  2    Dex: 16    Spells: 12/27 levels left

rFire   . . .        u - +2 spear (venom)
rCold   . . .        (no shield)
rNeg    + . .        a - +1 robe
rPois   ∞            (no helmet)
rElec   +            t - +0 cloak
rCorr   .            C - +0 pair of gloves
SInv    .            (no boots)
Will    .....        (no amulet)
Stlth   ++           D - +6 ring of dexterity
HPRegen 0.28/turn    k - +5 ring of evasion
MPRegen 0.18/turn

%: no passive effects
@: no status effects
A: sickness immunity, AC +7, negative energy resistance 1, electricity
resistance, torment resistance 1, petrification resistance
a: Renounce Religion, Upheaval


You were on level 9 of the Dungeon.
You worshipped Qazlal.
Qazlal was pleased with you.
You visited 2 branches of the dungeon, and saw 10 of its levels.

You collected 389 gold pieces.

Inventory:

Hand Weapons
 h - a +2 dagger of draining
 r - a +0 dagger of venom
 u - a +2 spear of venom (weapon)
 w - a +0 whip of flaming
 F - a +4 trident
 G - a +1 whip of electrocution
 M - a +3 quarterstaff of chaos
 N - a +1 hammer of protection
 O - a +0 mace of holy wrath
 R - a +5 flail
 S - a +3 halberd of freezing
Armour
 a - a +1 robe (worn)
 t - a +0 cloak (worn)
 C - a +0 pair of gloves (worn)
 J - a +3 chain mail of cold resistance
Magical Staves
 v - a staff of air
Jewellery
 i - a ring of protection from fire
 k - a +5 ring of evasion (right hand)
 D - a +6 ring of dexterity (left hand)
 K - a +6 ring of strength
Wands
 s - a wand of mindburst (19)
 L - a wand of flame (13)
Scrolls
 c - 3 scrolls of enchant armour
 f - a scroll of silence {unknown}
 g - a scroll of blinking {unknown}
 l - 4 scrolls of vulnerability {unknown}
 m - a scroll of torment {unknown}
 o - 2 scrolls of teleportation {unknown}
 x - a scroll of magic mapping {unknown}
 y - 2 scrolls of immolation {unknown}
 z - 2 scrolls of amnesia {unknown}
 A - a scroll of poison {unknown}
 I - a scroll of enchant weapon {unknown}
 Q - a scroll of fear {unknown}
 T - a scroll of identify
Potions
 b - a potion of magic
 d - 5 potions of heal wounds
 e - 4 potions of curing
 j - 2 potions of brilliance {unknown}
 n - 4 potions of lignification
 p - 2 potions of mutation {unknown}
 q - a potion of resistance {unknown}
 B - a potion of flight {unknown}
 E - a potion of ambrosia {unknown}
 H - a potion of haste {unknown}
 P - a potion of attraction {unknown}


   Skills:
 + Level 3.5 Dodging
 - Level 2.9 Stealth
 + Level 9.3 Spellcasting
 - Level 1.4 Transmutations
 + Level 12.2 Earth Magic


You had 12 spell levels left.
You knew the following spells:

 Your Spells              Type           Power      Damage    Failure   Level
a - Sandblast             Erth           100%       2d20      1%          1
b - Stone Arrow           Conj/Erth      66%        3d11      1%          3
c - Passwall              Tmut/Erth      30%        N/A       1%          2
d - Borgnjor's Vile Clut  Necr/Erth      16%        N/A       17%         5
e - Petrify               Tmut/Erth      36%        N/A       4%          4

Your spell library contained the following spells:

 Spells                   Type           Power      Damage    Failure   Level
 Leda's Liquefaction      Hex/Erth       16%        N/A       6%          4
 Magic Dart               Conj           36%        1d4       8%          1
 Call Imp                 Summ           18%        N/A       12%         2
 Lesser Beckoning         Tloc           18%        N/A       12%         2
 Gell's Gravitas          Tloc           9%         N/A       22%         3
 Mephitic Cloud           Conj/Pois/Air  9%         N/A       22%         3
 Teleport Other           Tloc           9%         N/A       22%         3
 Alistair's Intoxication  Tmut/Pois      8%         N/A       83%         5
 Eringya's Noxious Bog    Tmut/Pois      6%         N/A       100%        6
 Statue Form              Tmut/Erth      Unusable   N/A       N/A         6

Dungeon Overview and Level Annotations

Branches:
Dungeon (9/15)             Temple (1/1) D:5
   Lair: D:8-11         Orc: D:9-12

Altars:
Ashenzari
Dithmenos
Elyvilon
Fedhas
Gozag
Kikubaaqudgha
Nemelex Xobeh
Okawaru
Qazlal
Ru
Sif Muna
Trog
Vehumet
Wu Jian
Yredelemnul

Annotations:
D:6 Maggie
D:8 Erica
D:9 4 runed translucent doors


Innate Abilities, Weirdness & Mutations

You are immune to sickness and miasma.
Your stone body is resilient. (AC +7)
You are immune to poison.
You resist negative energy. (rN+)
You are resistant to electric shocks. (rElec)
You are resistant to unholy torment.
You are immune to petrification.


Message History

Casting: Sandblast (safe; 1% risk of failure)
Confirm with . or Enter, or press ? or * to list all spells.
Aiming: Sandblast (safe; 1% risk of failure)
Press: ? - help, Shift-Dir - straight line, f/p - kobold brigand
Aim: a kobold brigand, wielding a +0 club and quivering curare-tipped darts (severely wounded, 82% to hit)
The blast of sand hits the kobold brigand!
You kill the kobold brigand!
Qazlal accepts your kill.
The skeletal warrior hits you but does no damage.
Casting: Sandblast (safe; 1% risk of failure)
Confirm with . or Enter, or press ? or * to list all spells.
Aiming: Sandblast (safe; 1% risk of failure)
Press: ? - help, Shift-Dir - straight line, f - skeletal warrior
Aim: a skeletal warrior, wielding a +0 trident (85% to hit)
The blast of sand hits the skeletal warrior but does no damage.
The skeletal warrior hits you from afar with a +0 trident.
Casting: Sandblast (safe; 1% risk of failure)
Confirm with . or Enter, or press ? or * to list all spells.
Aiming: Sandblast (safe; 1% risk of failure)
Press: ? - help, Shift-Dir - straight line, f/p - skeletal warrior
Aim: a skeletal warrior, wielding a +0 trident (85% to hit)
The blast of sand misses the skeletal warrior.
The skeletal warrior completely misses you.
The skeletal warrior hits you from afar with a +0 trident!
Casting: Sandblast (safe; 1% risk of failure)
Confirm with . or Enter, or press ? or * to list all spells.
Aiming: Sandblast (safe; 1% risk of failure)
Press: ? - help, Shift-Dir - straight line, f/p - skeletal warrior
Aim: a skeletal warrior, wielding a +0 trident (85% to hit)
The blast of sand hits the skeletal warrior but does no damage.
The skeletal warrior completely misses you.
Casting: Sandblast (safe; 1% risk of failure)
Confirm with . or Enter, or press ? or * to list all spells.
Aiming: Sandblast (safe; 1% risk of failure)
Press: ? - help, Shift-Dir - straight line, f/p - skeletal warrior
Aim: a skeletal warrior, wielding a +0 trident (85% to hit)
The blast of sand hits the skeletal warrior but does no damage.
The skeletal warrior hits you from afar with a +0 trident.
The skeletal warrior hits you from afar with a +0 trident!!
You die...

.#
#.##8)|8##.............#
.#
###.#8....8#.........#####
.###...+......+.........#
.#...#.+.....h+.####....#
.#.###.#8....8#....#....#
.#.###.##8|$8##....#....#
........######.....+....#
....###+# #'###......#
...## #.#@##.....# ...#
##.#.#.....# ...#
###z#.....# ...# .#.....#
##.# .#....... .#
##........ .........


You could see a skeletal warrior.

Vanquished Creatures
  A two-headed ogre (D:9)
  Pikel (D:4)
  A troll (D:6)
  A shadow (D:9)
  A wyvern (D:9)
  Menkaure (D:7)
  A water moccasin (D:7)
  Pargi (D:4)
  2 orc warriors (D:7)
  A lemure (D:4)
  4 kobold brigands
  3 bullfrogs
  3 scorpions
  7 wights
  3 howler monkeys
  4 jellies
  2 quasits (D:4)
  6 hounds
  5 orc priests
  An iguana (D:5)
  Crazy Yiuf (D:7)
  2 sleepcaps
  2 orc wizards
  4 gnolls (D:3)
  13 adders
  2 shadow imps
  A white imp (D:7)
  3 worms
  29 orcs
  5 bats
  17 endoplasms
  3 giant cockroaches
  A goblin (D:4)
  4 hobgoblins
  10 quokkas
  9 ball pythons
  2 frilled lizards (D:2)
  30 kobolds
  9 rats
196 creatures vanquished.

Notes
Turn   | Place    | Note
-------+----------+-------------------------------------------
     0 | D:1      | AIAndy the Gargoyle Earth Elementalist began the quest for
                  | the Orb.
     0 | D:1      | Reached XP level 1. HP: 10/10 MP: 3/3
   132 | D:1      | Reached skill level 1 in Transmutations
   132 | D:1      | Reached XP level 2. HP: 14/15 MP: 0/5
   634 | D:2      | Reached skill level 4 in Earth Magic
   634 | D:2      | Reached XP level 3. HP: 19/19 MP: 4/6
   979 | D:2      | Reached XP level 4. HP: 24/24 MP: 4/7
  1421 | D:2      | Reached XP level 5. HP: 28/28 MP: 6/9
  1566 | D:2      | Learned a level 3 spell: Stone Arrow
  2004 | D:3      | Reached skill level 5 in Earth Magic
  2482 | D:3      | Found a faded altar of an unknown god.
  2482 | D:3      | Noticed a hell beast
  2728 | D:4      | Reached XP level 6. HP: 32/32 MP: 9/11
  2768 | D:4      | Noticed Pikel
  2784 | D:4      | Killed Pikel
  2785 | D:4      | Reached skill level 5 in Spellcasting
  2785 | D:4      | Reached skill level 7 in Earth Magic
  2785 | D:4      | Reached XP level 7. HP: 8/36 MP: 0/14
  3070 | D:4      | Noticed Pargi
  3075 | D:4      | Killed Pargi
  3076 | D:4      | Reached XP level 8. HP: 41/41 MP: 12/16
  3086 | D:4      | Reached skill level 8 in Earth Magic
  3718 | D:4      | Learned a level 2 spell: Passwall
  3731 | D:4      | Got the Atlas of Oromancy
  3816 | D:5      | Entered Level 5 of the Dungeon
  4019 | D:5      | Found a staircase to the Ecumenical Temple.
  4028 | Temple   | Entered the Ecumenical Temple
  4192 | Temple   | Became a worshipper of Qazlal Stormbringer
  4490 | D:5      | Reached skill level 9 in Earth Magic
  5305 | D:6      | Found a sacrificial altar of Ru.
  5437 | D:6      | Noticed Maggie
  5572 | D:6      | Reached XP level 9. HP: 45/45 MP: 16/19
  5636 | D:6      | Noticed a troll
  5643 | D:6      | Killed a troll
  5644 | D:6      | Reached skill level 10 in Earth Magic
  5895 | D:6      | Noticed a moth of wrath
  5897 | D:6      | Found a bloodstained altar of Trog.
  6249 | D:7      | Reached * piety under Qazlal
  6431 | D:7      | Learned a level 5 spell: Borgnjor's Vile Clutch
  6436 | D:7      | Learned a level 4 spell: Petrify
  6577 | D:7      | Reached skill level 11 in Earth Magic
  6868 | D:7      | Noticed Menkaure
  6872 | D:7      | Killed Menkaure
  6973 | D:7      | Found a runed translucent door.
  6974 | D:7      | Noticed Crazy Yiuf
  6978 | D:7      | Killed Crazy Yiuf
  7351 | D:8      | Found a radiant altar of Vehumet.
  7396 | D:8      | Reached ** piety under Qazlal
  7443 | D:8      | Reached XP level 10. HP: 50/50 MP: 12/22
  7581 | D:8      | Noticed Erica
  8015 | D:9      | Reached skill level 12 in Earth Magic
  8039 | D:9      | Found a large runed translucent door.
  8043 | D:9      | Found a large runed translucent door.
  8051 | D:9      | Found a large runed translucent door.
  8051 | D:9      | Found a large runed translucent door.
  8090 | D:9      | Noticed a two-headed ogre
  8093 | D:9      | Killed a two-headed ogre
  8094 | D:9      | Noticed a skeletal warrior
  8100 | D:9      | Slain by a skeletal warrior

Illustrated notes

Levels and vault maps discovered:
D:1:      dpeg_arrival_leaves_temple_mockup, layout_rooms
D:2:      cheibrodos_fertilizer, layout_basic
D:3:      layout_basic, dreamdust_ecumenical_altar_sealed_demon,
          chequers_serial_rivers_small_a
D:4:      cheibrodos_quashed, layout_loops_ring, hangedman_decor_points,
          serial_bayou_pond_b, uniq_pikel, uniq_pargi
D:5:      nicolae_cairo_tiling_large, layout_cave_pods,
          minmay_temple_entry_junction
D:6:      layout_loops_corners, kennysheep_mini_moat, tgw_trog,
          minmay_misc_feat_square, uniq_maggie
D:7:      layout_gridville, uniq_menkaure, uniq_crazy_yiuf_cottage
D:8:      layout_basic, lemuel_round_altar, uniq_erica
D:9:      layout_irregular_city, lemuel_doored_altar,
          beargit_hepliaklqana_dungeon_heroes, minmay_hollow_rounded_squares
Temple:   hellmonk_temple_forest_ring

Skill      XL: |  1  2  3  4  5  6  7  8  9 10 |
---------------+-------------------------------+-----
Transmutations | 1 |  1.4
Earth Magic    | 4 5 7 9 11 12 | 12.2
Dodging        | 2 3 |  3.5
Spellcasting   | 3 5 7 8 9 |  9.3
Stealth        | |  2.9

Action                     |  1- 3 |  4- 6 |  7- 9 | 10-12 || total
---------------------------+-------+-------+-------+-------++-------
  Melee: Dagger            |    11 |     1 |       |       ||    12
         Unarmed           |     1 |       |       |       ||     1
         Spear             |       |       |    14 |       ||    14
   Cast: Sandblast         |    36 |    84 |   182 |    14 ||   316
         Passwall          |       |       |     2 |       ||     2
  Evoke: Wand              |       |     2 |       |       ||     2
    Use: Scroll            |       |     3 |     1 |       ||     4
 Armour: Robe              |    10 |     7 |    36 |     1 ||    54
  Dodge: Dodged            |    15 |    42 |    69 |     6 ||   132
  Block: Other             |       |       |     2 |     1 ||     3
